 Dungeon Crawl Stone Soup version 0.28-a0-48-gfd831c5874 (webtiles) character file.

Game seed: 10059968636271800653

507 flotson the Sneak (level 6, -4/48 HPs)
             Began as a Demonspawn Delver on July 30, 2021.
             Killed from afar by an orc wizard (9 damage)
             ... with a magic dart
             ... on level 5 of the Dungeon.
             The game lasted 00:06:46 (4776 turns).

flotson the Sneak (Demonspawn Delver)               Turns: 4776, Time: 00:06:47

Health: -4/48      AC:  8    Str: 14    XL:     6   Next: 97%
Magic:  7/9        EV: 11    Int: 11    God:
Gold:   147        SH:  0    Dex: 15    Spells: 8/9 levels left

rFire   . . .      SeeInvis .   a - +1 whip (venom)
rCold   . . .      Faith    .   (no shield)
rNeg    . . .      Spirit   .   e - +0 ring mail
rPois   .          Reflect  .   (no helmet)
rElec   .          Harm     .   (no cloak)
rCorr   +          Rampage  .   q - +2 pair of gloves
Will    .....                   (no boots)
Stlth   ++........              f - amulet of the acrobat
HPRegen 0.16/turn               l - +4 ring of slaying
MPRegen 0.11/turn               y - ring of resist corrosion

@: mighty
A: powered by pain 2, demonic magic 1
a: no special abilities


You were on level 5 of the Dungeon.
You visited 1 branch of the dungeon, and saw 5 of its levels.

You collected 147 gold pieces.

Inventory:

Hand Weapons
 a - a +1 whip of venom (weapon)
 s - a +0 hand axe
Missiles
 h - 6 datura-tipped darts (quivered)
 r - 11 poisoned darts
 x - 4 javelins
Armour
 e - a +0 ring mail (worn)
 q - a +2 pair of gloves (worn)
Jewellery
 f - an amulet of the acrobat (around neck)
 l - a +4 ring of slaying (left hand)
 y - a ring of resist corrosion (right hand)
Wands
 g - a wand of digging (3)
Scrolls
 c - 2 scrolls of fog
 d - a scroll of magic mapping
 i - 2 scrolls of summoning {unknown}
 k - a scroll of torment {unknown}
 m - a scroll of blinking {unknown}
 n - a scroll of noise {unknown}
 o - 3 scrolls of teleportation {unknown}
 v - 4 scrolls of identify {unknown}
 z - a scroll of enchant armour {unknown}
Potions
 b - 2 potions of curing {unknown}
 j - a potion of ambrosia {unknown}
 p - a potion of might
 t - a potion of cancellation {unknown}
 u - a potion of degeneration {unknown}
 w - a potion of berserk rage {unknown}


   Skills:
 + Level 4.2 Fighting
 + Level 3.3 Axes
 - Level 1.0 Throwing
 + Level 2.5 Armour
 + Level 3.2 Dodging
 - Level 4.5 Stealth
 + Level 2.0 Spellcasting
 + Level 2.1 Summonings


You had 8 spell levels left.
You knew the following spells:

 Your Spells              Type           Power      Damage    Failure   Level
a - Summon Small Mammal   Summ           20%        N/A       24%         1

Your spell library contained the following spells:

 Spells                   Type           Power      Damage    Failure   Level
 Freeze                   Ice            4%         1d3       50%         1
 Call Canine Familiar     Summ           5%         N/A       58%         3
 Summon Guardian Golem    Hex/Summ       3%         N/A       75%         3
 Frozen Ramparts          Ice            2%         1d2       86%         3
 Gell's Gravitas          Tloc           0%         N/A       86%         3
 Lesser Beckoning         Tloc           0%         N/A       86%         3
 Teleport Other           Tloc           1%         N/A       86%         3
 Hailstorm                Conj/Ice       1%         3d3       99%         4


Dungeon Overview and Level Annotations

Branches:
Dungeon (5/15)
 Temple: D:4-7

Altars:
Ru
Zin


Innate Abilities, Weirdness & Mutations

You sometimes gain power by taking damage.
Spells you cast may paralyse adjacent enemies.


Message History

You resist with some effort.
The orc hits your rat with a +0 hand axe.
Your rat dies!
Your rat's corpse disappears in a puff of smoke!
You bump into the rock wall.
You bump into the rock wall.
You feel less confused.
Casting: Summon Small Mammal (safe; 24% risk of failure)
Confirm with . or Enter, or press ? or * to list all spells.
Malevolent energies surge around you.
Casting: Summon Small Mammal (safe; 24% risk of failure)
Confirm with . or Enter, or press ? or * to list all spells.
Malevolent energies surge around you.
Your bat hits the orc but does no damage.
Your bat barely misses the orc wizard.
Your bat hits the orc but does no damage.
The orc barely misses your bat.
Your bat hits the orc but does no damage.
Your bat hits the orc wizard but does no damage.
Something hits your bat.
Your bat dies!
Your bat's corpse disappears in a puff of smoke!
Your bat hits the orc but does no damage.
Your bat barely misses the orc.
You hit the orc wizard.
The orc wizard is moderately wounded.
Your bat hits the orc but does no damage.
The orc wizard hits you but does no damage.
You hit the orc wizard.
The orc wizard is poisoned.
The orc wizard is moderately wounded.
Your bat hits the orc but does no damage.
The orc wizard hits you but does no damage.
You are electrocuted!!
* * * LOW HITPOINT WARNING * * *
It was a potion of might.
You feel very mighty all of a sudden.
Your bat barely misses the orc.
The orc wizard casts a spell at you. The magic dart hits you!
You die...

# #.# # ##'## #.#.#
.# ##...## #.#.###.#
##.....## #.......
##.......#
##...####...<.....#
#.......'.........+
###...####.........#
#....######.......##
#.#.booo@........##
#.#...#####.#...##
#.#.§o## #.##+##
#.#....####.# ###
#.##...##.... ...#
#.##...##.#.##?#.#
#......##.#.#....#
#####..##.#.)....#
#....r.o#....o..


You could see an orc wizard (very poisoned), 2 orcs and a friendly bat
(summoned).

Vanquished Creatures
  2 necrophages
  A centaur (D:4)
  A jelly (D:4)
  Ijyb (D:5)
  An orc wizard (D:4)
  A scorpion zombie (D:5)
  6 adders
  3 dart slugs
  7 orcs
  3 bats
  4 endoplasms
  4 giant cockroaches
  3 goblins
  12 hobgoblins
  10 jackals
  3 quokkas
  7 ball pythons
  6 frilled lizards (D:1)
  11 kobolds
  3 rats
89 creatures vanquished.

Notes
Turn   | Place    | Note
-------+----------+-------------------------------------------
     0 | D:5      | flotson the Demonspawn Delver began the quest for the Orb.
     0 | D:5      | Reached XP level 1. HP: 18/18 MP: 1/1
    47 | D:5      | Gained mutation: You sometimes gain a little power by
                  | taking damage. [demonic ancestry]
    47 | D:5      | Reached XP level 2. HP: 6/24 MP: 2/2
   305 | D:5      | Reached skill level 1 in Armour
   305 | D:5      | Gained mutation: You sometimes gain power by taking damage.
                  | [demonic ancestry]
   305 | D:5      | Reached XP level 3. HP: 26/29 MP: 3/3
  1562 | D:1      | Gained mutation: Spells you cast may paralyse adjacent
                  | enemies. [demonic ancestry]
  1562 | D:1      | Reached XP level 4. HP: 22/35 MP: 4/4
  1733 | D:1      | Learned a level 1 spell: Summon Small Mammal
  1803 | D:1      | Found a faded altar of an unknown god.
  2804 | D:2      | Found a sacrificial altar of Ru.
  2987 | D:2      | Reached skill level 1 in Summonings
  3267 | D:3      | Reached XP level 5. HP: 41/41 MP: 5/5
  3416 | D:3      | Reached skill level 1 in Throwing
  3994 | D:4      | Reached skill level 1 in Spellcasting
  4211 | D:4      | Noticed a centaur
  4220 | D:4      | Killed a centaur
  4228 | D:4      | Noticed a necrophage
  4232 | D:4      | Reached XP level 6. HP: 47/48 MP: 8/8
  4737 | D:5      | Noticed Ijyb
  4747 | D:5      | Killed Ijyb
  4776 | D:5      | Killed from afar by an orc wizard

Illustrated notes

Levels and vault maps discovered:
D:1:      heliophobic_arrival_ceremonial_halls, layout_loops_ring,
          hellmonk_ecumenical_altar_run_dry, minmay_heptomino_d4
D:2:      layout_basic, basic_altar
D:3:      layout_basic, lemuel_coloured_pillars_altar, kennysheep_generic_room_4
D:4:      layout_basic
D:5:      layout_loops_corners, lemuel_mausoleum_altar_yredelemnul, uniq_ijyb,
          uniq_crazy_yiuf_cottage, uniq_blork_the_orc

Skill      XL: |  1  2  3  4  5  6 |
---------------+-------------------+-----
Axes           | 2 3 |  3.3
Dodging        | 2 3 |  3.2
Armour         | 1 2 |  2.5
Summonings     | 1 2 |  2.1
Throwing       | 1 |  1.0
Spellcasting   | 1 2 |  2.0
Fighting       | 4 |  4.2
Stealth        | |  4.5

Action                   |  1- 3 |  4- 6 || total
-------------------------+-------+-------++-------
Melee: Hand axe          |   120 |    82 ||   202
       Whip              |       |    83 ||    83
 Cast: Summon Small Mamm |       |     3 ||     3
  Use: Potion            |     1 |     1 ||     2
       Scroll            |     1 |       ||     1
 Stab: Sleeping          |     8 |     7 ||    15
Armor: Ring mail         |    27 |    59 ||    86
       Leather armour    |     5 |       ||     5
Dodge: Dodged            |    84 |   106 ||   190

Table legend: (Time is in decaauts)
 A = Elapsed time spent in this place.
 B = Non-inter-level travel time spent in this place.
 C = Inter-level travel time spent in this place.
 D = Time resting spent in this place.
 E = Time spent auto-exploring this place.
 F = Levels seen in this place.
 G = Mean time per level.
                   A        B        C        D        E       F      G
               +--------+--------+--------+--------+--------+-----+--------+
         Total |   4796 |   4708 |     88 |      0 |   3942 |   5 |  959.2 |
       Dungeon |   4796 |   4708 |     88 |      0 |   3942 |   5 |  959.2 |
               +--------+--------+--------+--------+--------+-----+--------+

Top non-repeatable levels by time:
     D:3: 1335 daAuts
     D:1: 1138 daAuts
     D:4: 931 daAuts
     D:2: 921 daAuts
     D:5: 470 daAuts
